 Dungeon Crawl Stone Soup version 0.23-a0-143-g1adec7b (webtiles) character file.

63 Inarius the Caller (level 4, 24/24 HPs)
             Began as a Kobold Summoner on Sept 2, 2018.
             Was a Follower of Wu Jian.
             Got out of the dungeon alive.
             The game lasted 00:05:22 (2698 turns).

Inarius the Caller (Kobold Summoner)                Turns: 2698, Time: 00:05:23

Health: 24/24      AC:  7    Str:  5    XL:     4   Next: 31%
Magic:  8/8        EV: 14    Int: 17    God:    Wu Jian [*.....]
Gold:   114        SH:  0    Dex: 15    Spells: 6/9 levels left

rFire    . . .     SeeInvis .   d - +0 dagger
rCold    . . .     Gourm    .   (shield restricted)
rNeg     . . .     Faith    .   h - +3 leather armour
rPois    .         Spirit   .   g - +0 helmet
rElec    .         Reflect  .   (no cloak)
rCorr    .         Harm     .   (no gloves)
MR       .....                  (no boots)
Stlth    ++........             (no amulet)
HPRegen  0.08/turn              (no ring)
MPRegen  0.11/turn              (no ring)

@: no status effects
A: small, carnivore
a: Renounce Religion


You escaped.
You worshipped Wu Jian.
Wu Jian was aware of your devotion.
You were very full.

You visited 1 branch of the dungeon, and saw 3 of its levels.

You collected 114 gold pieces.

Inventory:

Hand Weapons
 d - a +0 dagger (weapon)
Armour
 a - a +0 robe
 g - a +0 helmet (worn)
 h - a +3 leather armour (worn)
Scrolls
 f - a scroll of teleportation {unknown}
 i - a scroll of blinking {unknown}
 j - a scroll of remove curse {unknown}
 l - 2 scrolls of identify {unknown}
 m - a scroll of random uselessness {unknown}
 n - a scroll of magic mapping {unknown}
 q - a scroll of amnesia {unknown}
Potions
 b - a potion of degeneration {unknown}
 e - 2 potions of flight {unknown}
 k - a potion of curing {unknown}
 o - a potion of mutation {unknown}
 p - a potion of agility {unknown}
 r - a potion of heal wounds {unknown}
Comestibles
 c - 5 rations


   Skills:
 + Level 1.0 Short Blades
 + Level 0.2 Armour
 + Level 2.6 Dodging
 + Level 3.3 Stealth
 + Level 3.0 Spellcasting
 + Level 4.6 Summonings


You had 6 spell levels left.
You knew the following spells:

 Your Spells              Type           Power        Failure   Level  Hunger
a - Summon Small Mammal   Summ           ###.         4%          1    None
b - Call Imp              Summ           ###.....     7%          2    ##.....

Your spell library contained the following spells:

 Spells                   Type           Power        Failure   Level  Hunger
 Call Canine Familiar     Summ           ###.....     13%         3    ###....
 Summon Guardian Golem    Hex/Summ       ##......     32%         3    ###....
 Summon Ice Beast         Ice/Summ       ##......     73%         4    ####...
 Summon Lightning Spire   Summ/Air       ##......     73%         4    ####...


Dungeon Overview and Level Annotations

Branches:
Dungeon (3/15)

Altars:
Okawaru
Trog
Wu Jian
The Shining One


Innate Abilities, Weirdness & Mutations

You are small and have problems with some larger weapons.
You are carnivorous and can eat meat at any time.


Message History

There is a stone staircase leading down here.
You climb downwards.
There is a stone staircase leading up here.
A hobgoblin comes into view.
(D) Dungeon
Where to? (Enter - D:3, ? - help)
A hobgoblin is nearby!
There is a stone staircase leading up here.
You climb upwards.
There is a stone staircase leading down here.
(D) Dungeon
Where to? (Enter - D:2, ? - help)
There is a stone staircase leading up here.
You climb upwards.
There is a stone staircase leading down here.
You see here a hunting sling.
There is an open door here.
There is a staircase leading out of the dungeon here.
Are you sure you want to leave the Dungeon?
This will make you lose the game!
You have escaped!

#.##......##############.....
#.##.....###...#.r.....#.....
####.##.....# #r#.#.#####.##....
#....##########.#.#.r.#.#.##...#
#.########....#.#.###.#.#.##...#
#.# #.......###.#.....#.#.##...#
#.# #.####..###.#.###.#.#.##...#
#.###.####..#.###.#...#...###.##
#.............#@..#.#.#.###...#
#####.####.(#####.#.#.#.#...#.#
#.####....#.#.#.#.#.#'#...#
#.......###.#.#.#.#.#.###.#
######### #.#.###.#.#.#.#.##
#.#.#.#.P(#.##....
#.#...#####.#....#
#...#.......###.## #############
#.#


There were no monsters in sight!

Vanquished Creatures
  2 adders (D:2)
  A leopard gecko (D:1)
  A giant cockroach (D:1)
  2 goblins (D:1)
  A hobgoblin (D:2)
  A kobold (D:2)
  2 bats
  2 frilled lizards
  5 rats
17 creatures vanquished.

Vanquished Creatures (collateral kills)
  3 adders (D:2)
  A worm (D:2)
  A dart slug (D:1)
  A leopard gecko (D:2)
  3 bats
  3 giant cockroaches
  3 goblins (D:1)
  2 hobgoblins
  A kobold (D:1)
  A frilled lizard (D:1)
  A rat (D:1)
20 creatures vanquished.

Grand Total: 37 creatures vanquished

Notes
Turn   | Place    | Note
-------+----------+-------------------------------------------
     0 | D:1      | Inarius the Kobold Summoner began the quest for the Orb.
     0 | D:1      | Reached XP level 1. HP: 10/10 MP: 3/3
   382 | D:1      | Reached XP level 2. HP: 6/15 MP: 1/5
   572 | D:1      | Learned a level 2 spell: Call Imp
  1415 | D:2      | Reached XP level 3. HP: 18/19 MP: 2/6
  1819 | D:2      | Found a glowing golden altar of the Shining One.
  1898 | D:2      | Reached XP level 4. HP: 10/24 MP: 5/8
  2307 | D:2      | Reached skill level 1 in Short Blades
  2335 | D:2      | Found a faded altar of an unknown god.
  2421 | D:2      | Found a bloodstained altar of Trog.
  2421 | D:2      | Found an iron altar of Okawaru.
  2496 | D:2      | Became a worshipper of the Wu Jian Council
  2496 | D:2      | Reached * piety under Wu Jian
  2698 | D:$      | Got out of the dungeon alive.

Vault maps used:
D:1:      onia_arrival_mini_maze_b
D:2:      chequers_temple_overflow_statue_of_worship,
          nicolae_overflow_crystal_walls, chequers_ecumenical_altar_lobes,
          minmay_pentomino_t2
D:3:      gammafunk_temple_of_torment,
          grunt_temple_overflow_lords_of_destruction, marbit_many_paths,
          corexii_hall_statues_s, uniq_crazy_yiuf_cottage

Skill      XL: |  1  2  3  4 |
---------------+-------------+-----
Stealth        | 3 |  3.3
Short Blades   | 1 |  1.0
Spellcasting   | 3 |  3.0
Armour         | |  0.2
Dodging        | |  2.6
Summonings     | |  4.6

Action                   |  1- 3 |  4- 6 || total
-------------------------+-------+-------++-------
Melee: Unarmed           |    56 |       ||    56
       Dagger            |    92 |     6 ||    98
 Cast: Summon Small Mamm |    23 |       ||    23
       Call Imp          |     8 |     1 ||     9
 Stab: Sleeping          |     8 |     1 ||     9
  Eat: Chunk             |    12 |     2 ||    14
Armor: Ring mail         |     8 |       ||     8
       Leather armour    |    29 |       ||    29
Dodge: Dodged            |    74 |     4 ||    78

Table legend:
 A = Non-vault XP
 B = Vault XP
 C = Vault XP percentage of total XP
 D = Non-vault monster count
 E = Vault monster count
 F = Vault count percentage of total count
                 A         B        C        D         E       F
            +---------+---------+-------+---------+---------+-------
      Total |      84 |       7 |   7.7 |      36 |       1 |   2.7
            +---------+---------+-------+---------+---------+-------
        D:1 |      26 |       0 |   0.0 |      19 |       0 |   0.0
        D:2 |      58 |       7 |  10.8 |      17 |       1 |   5.6
            +---------+---------+-------+---------+---------+-------
